 Dungeon Crawl Stone Soup version 0.30-a0-913-g9934a0ce24 (webtiles) character file.

Game seed: 8818069653423645749

4549 billz999 the Skirmisher (level 10, -7/79 HPs)
             Began as a Gnoll Hunter on Mar 20, 2023.
             Was a Believer of Nemelex Xobeh.
             Killed from afar by Erica (34 damage)
             ... with a bolt of poison
             ... on level 8 of the Dungeon.
             The game lasted 00:13:11 (6492 turns).

billz999 the Skirmisher (Gnoll Hunter)              Turns: 6492, Time: 00:13:13

Health: -7/79      AC: 10    Str: 20    XL:     10   Next: 40%
Magic:  18/18      EV: 31    Int: 10    God:    Nemelex Xobeh [**....]
Gold:   442        SH:  0    Dex: 18    Spells: 18/19 levels left

rFire   . . .      SeeInvis .    o - +4 longbow of the Stopping Big Fish {elec, Str+3}
rCold   . . .      Faith    .    (shield currently unavailable)
rNeg    . . .      Spirit   .    c - +0 leather armour
rPois   .          Reflect  .    s - +0 hat
rElec   .          Rampage  .    (no cloak)
rCorr   .                        q - +0 pair of gloves
Will    .....                    f - +0 pair of boots
Stlth   +++                      C - amulet of the acrobat
HPRegen 0.33/turn                N - +6 ring of strength
MPRegen 0.16/turn                P - +4 ring of protection

@: lethally poisoned (-7 -> -16), acrobatic, slowed, very slow
A: fangs 1, strong nose, distributed training
a: Renounce Religion, Draw Escape, Draw Destruction, Draw Summoning


You were on level 8 of the Dungeon.
You worshipped Nemelex Xobeh.
Nemelex Xobeh was pleased with you.
You visited 1 branch of the dungeon, and saw 8 of its levels.

You collected 480 gold pieces.
You spent 38 gold pieces at shops.

Inventory:

Hand Weapons
 a - a +1 hand crossbow
 b - a +0 dagger of venom
 i - a +2 short sword of freezing
 o - the +4 longbow of the Stopping Big Fish (weapon) {elec, Str+3}
   (You acquired it on level 5 of the Dungeon)

   Str:       It affects your strength (+3).
 E - a +0 shortbow
Missiles
 n - 14 poisoned darts
 t - 3 throwing nets
 F - a silver javelin
Armour
 c - a +0 leather armour (worn)
 f - a +0 pair of boots (worn)
 q - a +0 pair of gloves (worn)
 s - a +0 hat (worn)
Jewellery
 C - an amulet of the acrobat (around neck)
 G - a ring of willpower
 H - a ring of positive energy
 N - a +6 ring of strength (left hand)
 P - a +4 ring of protection (right hand)
Wands
 u - a wand of iceblast (3)
 I - a wand of digging (5)
 K - a wand of quicksilver (4)
Scrolls
 g - a scroll of amnesia
 k - a scroll of noise
 l - 4 scrolls of teleportation
 m - a scroll of immolation
 r - 2 scrolls of enchant armour
 w - a scroll of butterflies
 x - 6 scrolls of identify
 y - a scroll of poison {unknown}
 B - 3 scrolls of fear
Potions
 d - 2 potions of heal wounds {unknown}
 e - a potion of lignification {unknown}
 h - 3 potions of mutation {unknown}
 j - 3 potions of curing {unknown}
 p - 3 potions of attraction {unknown}
 v - 3 potions of invisibility {unknown}
 z - a potion of haste
 A - 2 potions of degeneration {unknown}
 D - a potion of berserk rage {unknown}
 J - a potion of brilliance {unknown}
 L - a potion of ambrosia {unknown}
 M - 2 potions of magic {unknown}
 O - 2 potions of resistance {unknown}


   Skills:
 + Level 7.2 Fighting
 + Level 5.4 Short Blades
 + Level 5.4 Long Blades
 + Level 5.4 Axes
 + Level 5.4 Maces & Flails
 + Level 5.4 Polearms
 + Level 5.4 Staves
 + Level 10.2 Ranged Weapons
 + Level 5.4 Throwing
 + Level 5.4 Armour
 + Level 7.2 Dodging
 + Level 6.0 Stealth
 + Level 5.4 Shields
 + Level 5.4 Unarmed Combat
 + Level 5.4 Spellcasting
 + Level 4.5 Conjurations
 + Level 4.5 Hexes
 + Level 4.5 Summonings
 + Level 4.5 Necromancy
 + Level 4.5 Translocations
 + Level 4.5 Transmutations
 + Level 4.5 Fire Magic
 + Level 4.5 Ice Magic
 + Level 4.5 Air Magic
 + Level 4.5 Earth Magic
 + Level 4.5 Poison Magic
 + Level 6.0 Invocations
 + Level 5.4 Evocations


You had 18 spell levels left.
You knew the following spells:

 Your Spells              Type           Power      Damage    Failure   Level
a - Summon Small Mammal   Summ           44%        N/A       4%          1

Your spell library contained the following spells:

 Spells                   Type           Power      Damage    Failure   Level
 Slow                     Hex            44%        N/A       4%          1
 Lesser Beckoning         Tloc           22%        N/A       6%          2
 Call Canine Familiar     Summ           11%        N/A       12%         3
 Confusing Touch          Hex            11%        N/A       12%         3
 Gell's Gravitas          Tloc           11%        N/A       12%         3
 Summon Guardian Golem    Hex/Summ       11%        N/A       12%         3
 Teleport Other           Tloc           11%        N/A       12%         3
 Vampiric Draining        Necr           11%        2d6       12%         3


Dungeon Overview and Level Annotations

Branches:
Dungeon (8/15)             Temple (0/1) D:7
   Lair: D:8-11

Altars:
Elyvilon
Nemelex Xobeh

Shops:
D:4 (

Annotations:
D:8 Erica


Innate Abilities, Weirdness & Mutations

You have very sharp teeth.
Your uncanny sense of smell can sniff out nearby items.
Your experience applies equally to all skills.


Message History

You are no longer poisoned.
Erica the Fiery-Tempered comes into view.
She is wielding a +0 scimitar of flaming and wearing a +2 robe of fire resistance.
A centaur comes into view. It is wielding a +0 dire flail.
You shoot an arrow. The arrow hits Erica!
Erica is lightly wounded.
The centaur unwields a +0 dire flail.
The centaur wields a +0 shortbow.
The centaur shoots an arrow.
The arrow barely misses you.
Erica drinks a potion.
Erica seems to speed up.
You shoot an arrow. The arrow hits Erica!
Erica is moderately wounded.
The centaur shoots an arrow.
The arrow hits you!
Erica gestures wildly while chanting.
Erica flickers and vanishes!
Deactivating autopickup; reactivate with Ctrl-A.
You hear some strange, mumbled words.
A lance of force appears from out of thin air!
The lance of force hits you!
You are knocked back by the lance of force.
Okay, then.
You draw a card...
You have drawn the Orb.
Press: ? - help, Shift-Dir - straight line Your orb of destruction hits a rock wall.
The centaur shoots an arrow.
The arrow hits you but does no damage.
You feel yourself slow down.
Unknown command.
The centaur shoots an arrow.
The arrow closely misses you.
The centaur shoots an arrow.
The arrow completely misses you.
You hear some strange, mumbled words.
A lance of force appears from out of thin air!
The lance of force hits you!
You are knocked back by the lance of force.
You slam into the rock wall!
Found a runed demon blade.
You hear some strange, mumbled words.
A bolt of poison appears from out of thin air!
The bolt of poison hits you!!
You are poisoned.
You die...
Your body disappears without a glow.

##.. .###...
###..###..#....
#.....#....... .
#.........# ....
#.........##...##
##..{......#.....#..
#.....#°........... .
#..#..###).#.....c. .# #
##)@...###.c...###..
#.......#..###..#...
..............#.......
.....#.....#.........# .
.#...##...##.........##.
#... ##.###.........#..
)... #.#..)...#.......
... #....#..###..#...
....##.....###..


There were no monsters in sight!

Vanquished Creatures
  A two-headed ogre (D:7)
  Pikel (D:7)
  Maggie (D:6)
  A steam dragon (D:7)
  Menkaure (D:6)
  3 water moccasins
  Duvessa (D:6)
  An orc warrior (D:7)
  6 ogres
  A centaur (D:8)
  A phantom (D:5)
  3 kobold brigands
  A bullfrog (D:6)
  A scorpion (D:5)
  8 wights
  Dowan (D:6)
  5 howler monkeys
  5 hounds
  An orc priest (D:6)
  4 jellies
  5 iguanas
  4 sleepcaps
  3 orc wizards
  7 gnolls
  8 adders
  A shadow imp (D:6)
  5 white imps
  2 ufetubi
  26 orcs
  7 ball pythons
  3 bats (D:1)
  6 endoplasms
  A giant cockroach (D:1)
  9 hobgoblins
  15 kobolds
  4 quokkas
  3 training dummies (D:4)
  5 frilled lizards
  5 goblins
  4 rats
170 creatures vanquished.

Vanquished Creatures (others)
  2 fungi (D:8)
  2 plants
4 creatures vanquished.

Grand Total: 174 creatures vanquished

Notes
Turn   | Place    | Note
-------+----------+-------------------------------------------
     0 | D:1      | billz999 the Gnoll Hunter began the quest for the Orb.
     0 | D:1      | Reached XP level 1. HP: 20/20 MP: 1/1
   134 | D:1      | Reached XP level 2. HP: 26/26 MP: 2/2
   555 | D:1      | Reached XP level 3. HP: 31/31 MP: 3/3
  1098 | D:2      | Reached skill level 1 in Invocations
  1302 | D:2      | Reached skill level 1 in Short Blades
  1302 | D:2      | Reached skill level 1 in Long Blades
  1302 | D:2      | Reached skill level 1 in Axes
  1302 | D:2      | Reached skill level 1 in Maces & Flails
  1302 | D:2      | Reached skill level 1 in Polearms
  1302 | D:2      | Reached skill level 1 in Staves
  1302 | D:2      | Reached skill level 1 in Throwing
  1302 | D:2      | Reached skill level 1 in Armour
  1302 | D:2      | Reached skill level 1 in Shields
  1302 | D:2      | Reached skill level 1 in Unarmed Combat
  1302 | D:2      | Reached skill level 1 in Spellcasting
  1302 | D:2      | Reached skill level 1 in Evocations
  1316 | D:2      | Reached XP level 4. HP: 20/38 MP: 5/5
  1358 | D:2      | Reached skill level 1 in Conjurations
  1358 | D:2      | Reached skill level 1 in Hexes
  1358 | D:2      | Reached skill level 1 in Summonings
  1358 | D:2      | Reached skill level 1 in Necromancy
  1358 | D:2      | Reached skill level 1 in Translocations
  1358 | D:2      | Reached skill level 1 in Transmutations
  1358 | D:2      | Reached skill level 1 in Fire Magic
  1358 | D:2      | Reached skill level 1 in Ice Magic
  1358 | D:2      | Reached skill level 1 in Air Magic
  1358 | D:2      | Reached skill level 1 in Earth Magic
  1358 | D:2      | Reached skill level 1 in Poison Magic
  1714 | D:3      | Reached XP level 5. HP: 39/43 MP: 7/7
  2547 | D:3      | Found a faded altar of an unknown god.
  2679 | D:4      | Reached XP level 6. HP: 39/50 MP: 8/8
  2743 | D:4      | Reached skill level 5 in Fighting
  2743 | D:4      | Reached skill level 5 in Dodging
  3004 | D:4      | Reached XP level 7. HP: 56/56 MP: 10/10
  3072 | D:4      | Found Utegi's Firing Range.
  3077 | D:4      | Bought a +0 hand crossbow for 38 gold pieces
  3633 | D:5      | Entered Level 5 of the Dungeon
  3749 | D:5      | Found a sparkling altar of Nemelex Xobeh.
  3753 | D:5      | Became a worshipper of Nemelex Xobeh the Trickster
  3798 | D:5      | Reached skill level 9 in Ranged Weapons
  3813 | D:5      | Found a white marble altar of Elyvilon.
  4051 | D:5      | Identified a scroll of acquirement
  4051 | D:5      | Acquired the +4 longbow of the Stopping Big Fish {elec,
                  | Str+3}
  4061 | D:5      | Reached XP level 8. HP: 53/63 MP: 12/12
  4377 | D:5      | Learned a level 1 spell: Summon Small Mammal
  4831 | D:6      | Reached * piety under Nemelex Xobeh
  4879 | D:6      | Noticed Maggie
  4892 | D:6      | Killed Maggie
  4893 | D:6      | Reached XP level 9. HP: 25/69 MP: 13/15
  5367 | D:6      | Noticed Duvessa
  5372 | D:6      | Killed Duvessa
  5372 | D:6      | Noticed Dowan
  5373 | D:6      | Reached skill level 5 in Stealth
  5379 | D:6      | Killed Dowan
  5486 | D:6      | Noticed Menkaure
  5487 | D:6      | Killed Menkaure
  5491 | D:6      | Reached skill level 5 in Invocations
  5574 | D:7      | Found a staircase to the Ecumenical Temple.
  5583 | D:7      | Noticed a two-headed ogre
  5586 | D:7      | Killed a two-headed ogre
  5587 | D:7      | Reached skill level 5 in Short Blades
  5587 | D:7      | Reached skill level 5 in Long Blades
  5587 | D:7      | Reached skill level 5 in Axes
  5587 | D:7      | Reached skill level 5 in Maces & Flails
  5587 | D:7      | Reached skill level 5 in Polearms
  5587 | D:7      | Reached skill level 5 in Staves
  5587 | D:7      | Reached skill level 5 in Throwing
  5587 | D:7      | Reached skill level 5 in Armour
  5587 | D:7      | Reached skill level 5 in Shields
  5587 | D:7      | Reached skill level 5 in Unarmed Combat
  5587 | D:7      | Reached skill level 5 in Spellcasting
  5587 | D:7      | Reached skill level 5 in Evocations
  5587 | D:7      | Reached XP level 10. HP: 77/77 MP: 15/17
  5602 | D:7      | Reached skill level 10 in Ranged Weapons
  5823 | D:7      | Received a gift from Nemelex Xobeh
  5834 | D:7      | Noticed Pikel
  5839 | D:7      | Killed Pikel
  6483 | D:8      | Noticed Erica
  6487 | D:8      | Reached ** piety under Nemelex Xobeh
  6492 | D:8      | Killed from afar by Erica

Illustrated notes

Levels and vault maps discovered:
D:1:      roderic_crossed_star, layout_basic, minmay_small_reverse_x
D:2:      layout_rooms, minmay_misc_feat_nine_boxes, grunt_decor_junction
D:3:      layout_basic, shapermc_ecumenical_altar_mp_urbaneastern,
          patterned_corridor
D:4:      layout_loops_ring, nicolae_shop_firing_range
D:5:      layout_loops_cross, mainiacjoe_overflow_boulevard, elyvilon_altar_5,
          nzn_random_ring
D:6:      layout_rooms, kennysheep_generic_room_13, uniq_maggie, uniq_menkaure,
          uniq_duvessa
D:7:      layout_basic, minmay_temple_entry_statues_fountains, uniq_pikel
D:8:      nicolae_cairo_tiling_large_dashed, layout_rooms,
          minmay_gold_behind_fungi, lemuel_flame_loot_1, uniq_erica

Skill      XL: |  1  2  3  4  5  6  7  8  9 10 |
---------------+-------------------------------+-----
Invocations    | 1 2 3 4 5 6 |  6.0
Short Blades   | 1 2 3 4 5 |  5.4
Long Blades    | 1 2 3 4 5 |  5.4
Axes           | 1 2 3 4 5 |  5.4
Maces & Flails | 1 2 3 4 5 |  5.4
Polearms       | 1 2 3 4 5 |  5.4
Staves         | 1 2 3 4 5 |  5.4
Throwing       | 1 2 3 4 5 |  5.4
Armour         | 1 2 3 4 5 |  5.4
Shields        | 1 2 3 4 5 |  5.4
Unarmed Combat | 1 2 3 4 5 |  5.4
Spellcasting   | 1 2 3 4 5 |  5.4
Evocations     | 1 2 3 4 5 |  5.4
Conjurations   | 1 2 3 4 |  4.5
Hexes          | 1 2 3 4 |  4.5
Summonings     | 1 2 3 4 |  4.5
Necromancy     | 1 2 3 4 |  4.5
Translocations | 1 2 3 4 |  4.5
Transmutations | 1 2 3 4 |  4.5
Fire Magic     | 1 2 3 4 |  4.5
Ice Magic      | 1 2 3 4 |  4.5
Air Magic      | 1 2 3 4 |  4.5
Earth Magic    | 1 2 3 4 |  4.5
Poison Magic   | 1 2 3 4 |  4.5
Stealth        | 3 4 5 6 |  6.0
Fighting       | 5 6 7 |  7.2
Dodging        | 5 6 7 |  7.2
Ranged Weapons | 9 10 | 10.2

Action                     |  1- 3 |  4- 6 |  7- 9 | 10-12 || total
---------------------------+-------+-------+-------+-------++-------
  Melee: Dagger            |       |    79 |     4 |       ||    83
         Bite              |       |    10 |       |       ||    10
         Unarmed           |       |     1 |       |       ||     1
         Punch             |       |     2 |       |       ||     2
   Fire: Shortbow          |    68 |    97 |    10 |       ||   175
         Hand crossbow     |       |       |    42 |       ||    42
         Longbow           |       |       |   127 |    55 ||   182
  Throw: Dart              |     2 |       |     3 |       ||     5
 Invoke: Draw Destruction  |       |       |       |     1 ||     1
  Evoke: Wand              |       |     1 |     2 |       ||     3
    Use: Scroll            |     1 |       |     9 |       ||    10
 Armour: Leather armour    |     8 |    24 |     7 |     4 ||    43
  Dodge: Dodged            |    16 |    60 |    48 |    14 ||   138

Table legend: (Time is in decaauts)
 A = Elapsed time spent in this place.
 B = Non-inter-level travel time spent in this place.
 C = Inter-level travel time spent in this place.
 D = Time resting spent in this place.
 E = Time spent auto-exploring this place.
 F = Levels seen in this place.
 G = Mean time per level.
                   A        B        C        D        E       F      G
               +--------+--------+--------+--------+--------+-----+--------+
         Total |   6534 |   6317 |    217 |    370 |   4959 |   8 |  816.8 |
       Dungeon |   6534 |   6317 |    217 |    370 |   4959 |   8 |  816.8 |
               +--------+--------+--------+--------+--------+-----+--------+

Top non-repeatable levels by time:
     D:5: 1208 daAuts
     D:4: 1047 daAuts
     D:3: 1021 daAuts
     D:7: 885 daAuts
     D:2: 786 daAuts
     D:1: 782 daAuts
     D:6: 749 daAuts
     D:8: 53 daAuts
